 Dungeon Crawl Stone Soup version 0.17-a0-1378-g281efdd (webtiles) character file.

108 Steifyn the Skirmisher (level 4, 0/37 HPs)
             Began as a Demonspawn Fighter on June 14, 2015.
             Slain by a gnoll
             ... wielding a +0 halberd
              (5 damage)
             ... on level 2 of the Dungeon.
             The game lasted 00:08:00 (1429 turns).

Steifyn the Skirmisher (Demonspawn Fighter)         Turns: 1429, Time: 00:08:00

Health: 0/37       AC:  9    Str: 17    XL:     4   Next: 58%
Magic:  4/4        EV:  7    Int:  9    God:
Gold:   30         SH:  9    Dex: 13    Spells: 0 memorised, 3 levels left

rFire  . . .     SeeInvis .     a - +1 flail
rCold  . . .     Clarity  .     b - +3 scale mail
rNeg   . . .     SustAt   .     c - +0 shield
rPois  .         Gourm    .     (helmet restricted)
rElec  .         Spirit   .     (no cloak)
rCorr  .         Warding  .     (no gloves)
rMut   .         Stasis   .     (no boots)
MR     .....                    (no amulet)
Stlth  ..........               (no ring)
                                (no ring)

@: about to teleport, not resistant to hostile enchantments, extremely
unstealthy
A: antennae 1, claws 1
a: no special abilities


You were on level 2 of the Dungeon.
You were not hungry.

You visited 1 branch of the dungeon, and saw 3 of its levels.

You collected 30 gold pieces.

Inventory:

Hand weapons
 a - a +1 flail (weapon)
Armour
 b - a +3 scale mail (worn)
 c - a +0 shield (worn)
Scrolls
 f - a scroll of remove curse {unknown}
Potions
 d - 3 potions of curing
 g - a potion of cancellation
 k - a potion of agility
Comestibles
 e - a bread ration


   Skills:
 + Level 3.7 Fighting
 + Level 2.1 Maces & Flails
 + Level 3.6 Armour
 + Level 1.2 Dodging
 + Level 3.0 Shields


You had 3 spell levels left.
You didn't know any spells.

Dungeon Overview and Level Annotations

Branches:
Dungeon (3/15)

Altars:
Yredelemnul


Innate Abilities, Weirdness & Mutations

You have a pair of small antennae on your head.
You have sharp fingernails.


Message History

The gnoll is moderately wounded.
The gnoll barely misses you. You block the gnoll's attack.
You block the gnoll's attack.
You barely miss the gnoll.
The gnoll is moderately wounded.
The gnoll barely misses you. x2
You block the gnoll's attack. The gnoll closely misses you.
You hit the gnoll but do no damage.
The gnoll is moderately wounded.
The gnoll hits you but does no damage. You block the gnoll's attack.
You block the gnoll's attack. The gnoll hits you but does no damage.
You hit the gnoll but do no damage.
The gnoll is moderately wounded.
The gnoll hits you but does no damage. The gnoll barely misses you.
You block the gnoll's attack.
As you read the scroll of teleportation, it crumbles to dust.
You feel strangely unstable. The gnoll hits you but does no damage.
You block the gnoll's attack.
The gnoll hits you from afar with a halberd.
You die...

.#.# .$. ...# #..
####### #.# ###...
#.# #....#
###.#####)# # ..#..#.
..#.......#.#
..#..#..#.######gg..#
...<.#..#.# #.#g####
.....#.##.# ##..@###
.#........###......#
.#.#..#......).....#
.#.##....#..#......#
.#....##.#..########
###(...#.#..#
###....#.####
.....###.# ..(..'.#.#


You could see 3 gnolls.

Vanquished Creatures
  Ijyb (D:2)
  Natasha (thrice) (D:2)
  A gnoll (D:2)
  An adder (D:2)
  A worm (D:2)
  6 goblins
  3 hobgoblins (D:1)
  A bat (D:1)
  2 giant cockroaches (D:1)
  2 giant newts
  5 kobolds
  4 rats (D:1)
  A spectral orc (D:2)
31 creatures vanquished.

Notes
Turn   | Place    | Note
--------------------------------------------------------------
     0 | D:1      | Steifyn the Demonspawn Fighter began the quest for the Orb.
     0 | D:1      | Reached XP level 1. HP: 18/18 MP: 1/1
   199 | D:1      | Gained mutation: You have sharp fingernails. [demonic ancestry]
   199 | D:1      | Reached XP level 2. HP: 18/24 MP: 2/2
   496 | D:2      | Noticed Natasha
   506 | D:2      | Reached XP level 3. HP: 14/29 MP: 3/3
   514 | D:2      | Killed Natasha
  1217 | D:2      | Found a basalt altar of Yredelemnul.
  1253 | D:2      | Noticed Ijyb
  1254 | D:2      | Noticed Natasha
  1272 | D:2      | Killed Ijyb
  1272 | D:2      | Reached skill level 1 in Dodging
  1272 | D:2      | Gained mutation: You have a pair of small antennae on your head. [demonic ancestry]
  1272 | D:2      | Reached XP level 4. HP: 30/35 MP: 4/4
  1274 | D:2      | Killed Natasha
  1379 | D:2      | Noticed Natasha
  1382 | D:2      | Killed Natasha
  1429 | D:2      | Slain by a gnoll

Vault maps used:
D:1:      matt_arrival_debris
D:2:      yredelemnul_forgotten_temple_becter, nemelex_altar_shiori,
          uniq_natasha, uniq_iyjb
D:3:      ecumenical_altar_1, first_bread

Action                   |  1- 3 |  4- 6 || total
-------------------------+-------+-------++-------
Melee: Flail             |   104 |    21 ||   125
  Use: Potion            |     9 |     1 ||    10
       Scroll            |     6 |     1 ||     7
  Eat: Bread ration      |     1 |       ||     1
